 Dungeon Crawl Stone Soup version 0.25.1-2-g60ff931df9 (webtiles) character file.

Game seed: 1659113154467752198

414 Peloso the Shield-Bearer (level 6, -1/53 HPs)
             Began as a Minotaur Fighter on Aug 25, 2020.
             Slain by a howler monkey (3 damage)
             ... on level 6 of the Dungeon.
             The game lasted 00:04:40 (3792 turns).

Peloso the Shield-Bearer (Minotaur Fighter)         Turns: 3792, Time: 00:04:41

Health: -1/53      AC:  8    Str: 21    XL:     6   Next: 60%
Magic:  5/5        EV:  9    Int:  5    God:
Gold:   125        SH: 10    Dex: 11    Spells: 5/5 levels left

rFire    . . .     SeeInvis .   a - +0 long sword
rCold    . . .     Gourm    .   c - +0 kite shield
rNeg     . . .     Faith    .   b - +0 scale mail
rPois    .         Spirit   .   (helmet restricted)
rElec    .         Reflect  .   p - +0 cloak
rCorr    .         Harm     .   (no gloves)
MR       .....                  (no boots)
Stlth    ..........             (no amulet)
HPRegen  0.17/turn              (no ring)
MPRegen  0.09/turn              (no ring)

@: mighty
A: retaliatory headbutt, horns 2
a: no special abilities


You were on level 6 of the Dungeon.
You were very hungry.

You visited 1 branch of the dungeon, and saw 5 of its levels.

You collected 125 gold pieces.

Inventory:

Hand Weapons
 a - a +0 long sword (weapon)
Armour
 b - a +0 scale mail (worn)
 c - a +0 kite shield (worn)
 p - a +0 cloak (worn)
Wands
 l - a wand of random effects (23)
 o - a wand of flame (11)
Scrolls
 e - a scroll of teleportation
 h - 3 scrolls of amnesia
 j - 2 scrolls of remove curse
 k - a scroll of fear
 m - 2 scrolls of enchant armour {unknown}
 n - 2 scrolls of identify
Potions
 d - a potion of might
 g - a potion of berserk rage {unknown}
Comestibles
 f - 8 rations


   Skills:
 + Level 4.6 Fighting
 + Level 4.2 Long Blades
 + Level 4.9 Armour
 + Level 2.0 Dodging
 + Level 1.3 Stealth
 + Level 5.9 Shields
 + Level 0.4 Unarmed Combat


You had 5 spell levels left.
You didn't know any spells.
Your spell library was empty.

Dungeon Overview and Level Annotations

Branches:
Dungeon (4/15)
 Temple: D:4-7

Altars:
Trog


Innate Abilities, Weirdness & Mutations

You reflexively headbutt those who attack you in melee.
You have a pair of horns on your head.


Message History

The howler monkey hits you.
* * * LOW HITPOINT WARNING * * *
The iguana closely misses you.
The phantom blinks!
You feel better. The hound bites you but does no damage.
The howler monkey hoots and howls with incredible vigour!
You block the iguana's attack. You block the hound's attack.
You hear an angry hiss.
You hear a shout!
You hear an angry hiss.
Unknown command.
You closely miss the hound. You block the howler monkey's attack.
The hound closely misses you. The iguana bites you!
* * * LOW HITPOINT WARNING * * *
The howler monkey hits you but does no damage.
The hound bites you but does no damage.
Unknown command.
You hit the hound. You headbutt the hound!
The hound is heavily wounded.
The hound closely misses you.
You riposte.
You miss the hound.
The hound is heavily wounded.
The howler monkey hits you.
You die...

###### #l@h.#
#h##.# ######w#
... #....hS# ..##
#....ZZ# #.#
#......#.#.h
.########.#.###.#
............l....
.............W...


You could see a worm, a howler monkey, an iguana, 2 hounds, an adder, a bullfrog
zombie and a leopard gecko skeleton.

Vanquished Creatures
  A phantom (D:4)
  A centaur (D:6)
  A howler monkey (D:2)
  Ijyb (D:3)
  Natasha (twice) (D:3)
  2 worker ants (D:4)
  3 adders
  An ooze (D:2)
  A dart slug (D:1)
  3 leopard geckos
  An orc (D:4)
  2 giant cockroaches
  9 goblins
  2 hobgoblins (D:1)
  4 jackals (D:3)
  9 kobolds
  2 quokkas (D:2)
  A ball python (D:1)
  6 bats
  3 frilled lizards (D:3)
  8 rats
63 creatures vanquished.

Notes
Turn   | Place    | Note
-------+----------+-------------------------------------------
     0 | D:1      | Peloso the Minotaur Fighter began the quest for the Orb.
     0 | D:1      | Reached XP level 1. HP: 19/19 MP: 0/0
   153 | D:1      | Reached XP level 2. HP: 27/27 MP: 1/1
   648 | D:1      | Reached skill level 4 in Shields
   886 | D:2      | Reached XP level 3. HP: 34/34 MP: 2/2
  1114 | D:2      | Reached skill level 1 in Stealth
  1114 | D:2      | Reached XP level 4. HP: 36/41 MP: 3/3
  2032 | D:3      | Found a bloodstained altar of Trog.
  2260 | D:3      | Noticed Natasha
  2268 | D:3      | Killed Natasha
  2268 | D:3      | Reached skill level 1 in Dodging
  2297 | D:3      | Reached XP level 5. HP: 16/47 MP: 4/4
  2554 | D:3      | Noticed Ijyb
  2564 | D:3      | Killed Ijyb
  2564 | D:3      | Reached skill level 5 in Shields
  2753 | D:3      | Noticed Natasha
  2766 | D:3      | Killed Natasha
  3368 | D:4      | Noticed a phantom
  3388 | D:4      | Killed a phantom
  3388 | D:4      | Reached XP level 6. HP: 38/53 MP: 5/5
  3756 | D:4      | You fall into a shaft and drop 2 floors!
  3791 | D:6      | HP: 1/53 [iguana (10)]
  3792 | D:6      | Slain by a howler monkey

Illustrated notes

Levels and vault maps discovered:
D:1:      nicolae_arrival_washed_ashore, layout_basic
D:2:      layout_basic
D:3:      layout_loops_cross, trog_hazing_becter, uniq_natasha, uniq_ijyb
D:4:      layout_loops_ring, minmay_splitting_lines
D:6:      layout_basic, uniq_prince_ribbit1, uniq_sigmund, uniq_grinder

Skill      XL: |  1  2  3  4  5  6 |
---------------+-------------------+-----
Fighting       | 4 |  4.6
Shields        | 4 5 |  5.9
Armour         | 4 |  4.9
Stealth        | 1 |  1.3
Long Blades    | 3 4 |  4.2
Dodging        | 1 2 |  2.0
Unarmed Combat | |  0.4

Action                   |  1- 3 |  4- 6 || total
-------------------------+-------+-------++-------
Melee: Long sword        |    66 |   133 ||   199
       Headbutt          |     8 |    25 ||    33
       Unarmed           |       |     6 ||     6
  Use: Scroll            |     3 |     4 ||     7
       Potion            |     3 |     2 ||     5
  Eat: Chunk             |     1 |     7 ||     8
Armor: Scale mail        |    29 |    62 ||    91
       Skin              |       |     2 ||     2
Dodge: Dodged            |    20 |    51 ||    71
Block: Kite shield       |    31 |    90 ||   121
       Rpst.: Long sword |     3 |    11 ||    14
